 Dungeon Crawl Stone Soup version 0.29.1-12-g30fa7ad0bf (webtiles) character file.

Game seed: 12018034840705990082

108 Labrat the Conjurer (level 4, -1/33 HPs)
             Began as a Demigod Conjurer on Dec 22, 2022.
             Slain by Grinder (5 damage)
             ... on level 3 of the Dungeon.
             The game lasted 00:05:10 (2936 turns).

Labrat the Conjurer (Demigod Conjurer)              Turns: 2936, Time: 00:05:10

Health: -1/33      AC:  2    Str:  8    XL:     4   Next: 33%
Magic:  0/11       EV: 12    Int: 24    God:
Gold:   123        SH:  5    Dex: 12    Spells: 6/9 levels left

rFire   + . .      SeeInvis +   k - +0 dagger (drain)
rCold   + . .      Faith    .   (no shield)
rNeg    . . .      Spirit   .   a - +0 robe
rPois   .          Reflect  +   (no helmet)
rElec   .          Harm     .   l - scarf {rC+ rF+}
rCorr   .          Rampage  .   (no gloves)
Will    .....                   (no boots)
Stlth   ++........              r - amulet of reflection
HPRegen 0.11/turn               g - ring of see invisible
MPRegen 0.12/turn               (no ring)

@: very slightly contaminated
A: high MP 1, forlorn, divine attributes
a: no special abilities


You were on level 3 of the Dungeon.
You visited 1 branch of the dungeon, and saw 3 of its levels.

You collected 123 gold pieces.

Inventory:

Hand Weapons
 k - a +0 dagger of draining (weapon)
Armour
 a - a +0 robe (worn)
 l - a scarf of resistance (worn)
Jewellery
 g - a ring of see invisible (left hand)
 r - an amulet of reflection (around neck)
Scrolls
 e - a scroll of fog {unknown}
 h - 2 scrolls of identify {unknown}
 j - 2 scrolls of teleportation {unknown}
 m - a scroll of enchant weapon {unknown}
 n - a scroll of blinking {unknown}
 o - a scroll of immolation {unknown}
 p - a scroll of enchant armour {unknown}
 v - a scroll of silence {unknown}
 x - a scroll of vulnerability {unknown}
Potions
 b - 2 potions of magic
 c - 2 potions of mutation {unknown}
 d - 3 potions of brilliance {unknown}
 f - 3 potions of degeneration {unknown}
 i - 3 potions of curing {unknown}
 q - a potion of heal wounds {unknown}
 s - a potion of flight {unknown}
 t - a potion of cancellation {unknown}
 u - a potion of ambrosia {unknown}
 w - a potion of might {unknown}


   Skills:
 - Level 1.7 Dodging
 - Level 1.7 Stealth
 + Level 3.1 Spellcasting
 + Level 4.6 Conjurations


You had 6 spell levels left.
You knew the following spells:

 Your Spells              Type           Power      Damage    Failure   Level
a - Magic Dart            Conj           100%       1d8       1%          1
b - Searing Ray           Conj           52%        2d6       2%          2

Your spell library contained the following spells:

 Spells                   Type           Power      Damage    Failure   Level
 Dazzling Flash           Conj/Hex       28%        N/A       12%         3
 Fulminant Prism          Conj/Hex       7%         3d7       38%         4
 Iskenderun's Mystic Bla  Conj/Tloc      14%        2d5       38%         4


Dungeon Overview and Level Annotations

Branches:
Dungeon (3/15)

Annotations:
D:3 Grinder


Innate Abilities, Weirdness & Mutations

You have an increased reservoir of magic. (+10% MP)
You shall have no god before yourself.
Your divine heritage dramatically boosts your attributes as you level up.


Message History

The searing ray hits Grinder.
Grinder is severely wounded.
The searing ray hits Grinder.
Grinder is severely wounded.
You finish channelling your searing ray.
Grinder gestures at you. Pain shoots through your body!
Unknown command.
Casting: Searing Ray (safe; 2% risk of failure)
Confirm with . or Enter, or press ? or * to list all spells.
Aiming: Searing Ray (safe; 2% risk of failure)
Press: ? - help, Shift-Dir - straight line, f/p - Grinder
Aim: Grinder (severely wounded, 77% to hit)
You miscast Searing Ray.
You are very lightly contaminated with residual magic.
Nothing appears to happen.
Grinder hits you!
Unknown command.
Grinder hits you.
You writhe in agony.
Unknown command.
Casting: Searing Ray (safe; 2% risk of failure)
Confirm with . or Enter, or press ? or * to list all spells.
Aiming: Searing Ray (safe; 2% risk of failure)
Press: ? - help, Shift-Dir - straight line, f/p - Grinder
Aim: Grinder (severely wounded, 77% to hit)
The searing ray hits Grinder.
Grinder is severely wounded. (Press . to maintain the ray.) Grinder hits you!
* * * LOW HITPOINT WARNING * * *
You writhe in agony.
* * * LOW HITPOINT WARNING * * *
Unknown command.
You aren't carrying any items that you can evoke.
Unknown command.
You hit Grinder but do no damage.
Grinder is severely wounded.
Grinder hits you.
* * * LOW HITPOINT WARNING * * *
You writhe in agony.
You die...

..........#........# #...#
.......<..#...5....# #...#
..........#........# #...#####
.......(..#........# #.......#
..........#........####...###.###
.#######.###............÷........
.# ##.....##..........#########.
.####.8...8.#.####.....#.......#.
.+..#.......#...@5.....#.......#.
.##....._........#.....#.......#.
.####.......#[##.#........._...^.
.# #.8...8.#.##.......#.......#.
.#####.....##.###)###..#.......#.
.....###.###..# #....#.#.......#.
..............# ##.....#########.
....†.........# #...............
..............# #..........#....


You could see Grinder.

Vanquished Creatures
  An iguana (D:3)
  2 adders
  2 worms (D:2)
  7 orcs (D:3)
  4 endoplasms (D:3)
  A giant cockroach (D:3)
  3 goblins (D:3)
  2 hobgoblins
  3 jackals (D:1)
  5 quokkas
  4 ball pythons
  5 bats
  A frilled lizard (D:2)
  3 kobolds
  6 rats
49 creatures vanquished.

Notes
Turn   | Place    | Note
-------+----------+-------------------------------------------
     0 | D:1      | Labrat the Demigod Conjurer began the quest for the Orb.
     0 | D:1      | Reached XP level 1. HP: 14/14 MP: 5/5
   596 | D:1      | Reached XP level 2. HP: 18/20 MP: 0/7
   853 | D:1      | Learned a level 2 spell: Searing Ray
  1045 | D:2      | Reached skill level 4 in Conjurations
  1625 | D:2      | Reached XP level 3. HP: 23/26 MP: 3/9
  2695 | D:3      | Reached XP level 4. HP: 33/33 MP: 0/11
  2917 | D:3      | Noticed Grinder
  2927 | D:3      | Paralysed by Grinder for 2 turns
  2936 | D:3      | Slain by Grinder

Illustrated notes

Levels and vault maps discovered:
D:1:      minmay_arrival_wavy_path, layout_basic,
          dreamdust_ecumenical_altar_hidden_monk_grotto, corner_web_ring
D:2:      layout_loops_ring, feat_on_display
D:3:      cheibrodos_helix_gallery, layout_basic, grunt_gozag_statues,
          lemuel_tele_altar, nrook_loot_triangle,
          chequers_hall_statues_corner_a, uniq_grinder

Skill      XL: |  1  2  3 |
---------------+----------+-----
Spellcasting   | 2 3 |  3.1
Conjurations   | 4 |  4.6
Dodging        | |  1.7
Stealth        | |  1.7

Action                   |  1- 3 |  4- 6 || total
-------------------------+-------+-------++-------
Melee: Dagger            |    14 |     1 ||    15
 Cast: Magic Dart        |    81 |     5 ||    86
       Searing Ray       |     6 |     3 ||     9
Armor: Robe              |     4 |       ||     4
Dodge: Dodged            |    10 |       ||    10
Block: Other             |     2 |       ||     2
